 Dungeon Crawl Stone Soup version 0.27.0-1-g7a089689b8 (webtiles) character file.

Game seed: 3848605551583172455

14688 ZombieSheep the Nimble (level 11, -3/58 HPs)
             Began as a Spriggan Hunter on Aug 1, 2021.
             Was a Believer of Trog.
             Killed from afar by a catoblepas (8 damage)
             ... with a blast of calcifying dust
             ... on level 1 of the Lair of Beasts.
             The game lasted 00:45:11 (19497 turns).

ZombieSheep the Nimble (Spriggan Hunter)           Turns: 19497, Time: 00:45:12

Health: -3/58      AC: 10    Str: 10    XL:     11   Next: 92%
Magic:  12/12      EV: 40    Int: 13    God:    Trog [**....]
Gold:   688        SH:  0    Dex: 17    Spells: 10/10 levels left

rFire    . . .     SeeInvis +   b - +1 dagger (venom)
rCold    + . .     Faith    .   (shield restricted)
rNeg     . . .     Spirit   .   B - +2 robe {rC+}
rPois    .         Reflect  .   (helmet restricted)
rElec    .         Harm     .   u - +1 cloak
rCorr    .         Rampage  .   (gloves unavailable)
Will     +....                  (boots unavailable)
Stlth    +++.......             e - amulet of the acrobat
HPRegen  0.19/turn              o - +4 ring of protection
MPRegen  0.13/turn              (no ring)

@: acrobatic, very quick
A: very small, no large weapons, unfitting armour, see invisible, speed 3
a: Renounce Religion, Berserk, Trog's Hand


You were on level 1 of the Lair of Beasts.
You worshipped Trog.
Trog was pleased with you.
You visited 3 branches of the dungeon, and saw 12 of its levels.

You collected 688 gold pieces.

Inventory:

Hand Weapons
 a - a +1 hunting sling of freezing
 b - a +1 dagger of venom (weapon)
 c - a +4 short sword of freezing
 h - a +2 rapier of holy wrath
 i - a +0 rapier
 v - the +6 trident "Eptux" {spect, +Rage rCorr Int+4}
   (You found it on level 9 of the Dungeon)

   When its wielder attacks, the weapon's spirit leaps out and strikes again.
   The spirit shares a part of any damage it takes with its wielder.
   Int:       It affects your intelligence (+4).
   +Rage:     It lets you go berserk.
   rCorr:     It protects you from acid and corrosion.
 y - a +1 hunting sling
Missiles
 d - 87 sling bullets
 j - 135 stones (quivered)
 s - a throwing net
Armour
 g - a +0 buckler
 u - a +1 cloak (worn)
 B - a +2 robe of cold resistance (worn)
 G - a +2 robe of fire resistance
Jewellery
 e - an amulet of the acrobat (around neck)
 o - a +4 ring of protection (left hand)
 w - a ring of ice
Wands
 l - a wand of flame (24)
 p - a wand of polymorph (12)
 r - a wand of iceblast (9)
 E - a wand of paralysis (22)
Scrolls
 k - 5 scrolls of fog
 m - 2 scrolls of teleportation
 D - a scroll of enchant armour
 F - a scroll of identify
 H - a scroll of amnesia {unknown}
Potions
 f - a potion of ambrosia
 n - 3 potions of curing
 q - a potion of lignification
 t - 3 potions of haste
 x - a potion of invisibility
 z - a potion of might
 A - a potion of resistance
 C - a potion of flight


   Skills:
 + Level 7.6 Fighting
 + Level 9.3 Short Blades
 + Level 11.4 Slings
 + Level 11.5 Dodging
 - Level 5.4 Stealth
 + Level 6.0 Shields


You had 10 spell levels left.
You didn't know any spells.
Your spell library contained the following spells:

 Spells                   Type           Power      Damage    Failure   Level
 Blink                    Tloc           N/A        N/A       43%         2
 Slow                     Hex            0%         N/A       43%         2
 Confusing Touch          Hex            0%         N/A       67%         3
 Fireball                 Conj/Fire      0%         3d3       100%        5
 Manifold Assault         Tloc           0%         N/A       100%        5
 Yara's Violent Unravell  Hex/Tmut       0%         3d3       100%        5
 Starburst                Conj/Fire      0%         8x6d3     100%        6
 Storm Form               Tmut/Air       0%         N/A       100%        7
 Ignition                 Fire           0%         3d3       100%        8


Dungeon Overview and Level Annotations

Branches:
Dungeon (10/15)            Temple (1/1) D:5            Lair (1/6) D:8
    Orc: D:9-12

Altars:
Ashenzari
Cheibriados
Dithmenos
Elyvilon
Fedhas
Gozag
Kikubaaqudgha
Makhleb
Nemelex Xobeh
Qazlal
Ru
Sif Muna
Trog
Uskayaw
Vehumet
Wu Jian
Xom
Yredelemnul
Zin
The Shining One
Lugonu

Shops:
D:4 *   D:5 ?   D:8 :


Innate Abilities, Weirdness & Mutations

You are very small and have problems with some larger weapons.
You are too small for most types of armour.
You have supernaturally acute eyesight. (SInv)
You cover ground extremely quickly. (Speed+++)


Message History

You shoot a sling bullet. The sling bullet hits the catoblepas.
The sling bullet freezes the catoblepas.
The catoblepas is heavily wounded.
You shoot a sling bullet.
The sling bullet hits the catoblepas but does no damage.
The catoblepas is heavily wounded.
The catoblepas breathes a plume of calcifying dust at you.
The blast of calcifying dust hits you!
The catoblepas breathes a plume of calcifying dust at you.
The blast of calcifying dust hits you.
You are too injured to fight recklessly!
Fire: 88 sling bullets
Press: ? - help, Q - select action, (/) - cycle Shift-Dir - straight line, f/p - catoblepas
Aim: a catoblepas (heavily wounded, poisoned, 91% to hit)
You shoot a sling bullet.
The sling bullet completely misses the catoblepas.
Your +1 hunting sling of freezing stops glowing.
Your +1 dagger of venom begins to drip with poison!
b - a +1 dagger of venom (weapon)
The catoblepas completely misses you.
You hit the catoblepas but do no damage.
The catoblepas is heavily wounded.
The catoblepas barely misses you.
You hit the catoblepas.
The catoblepas looks even sicker.
The catoblepas is heavily wounded.
You hit the catoblepas but do no damage.
The catoblepas looks as sick as possible!
The catoblepas is heavily wounded.
The catoblepas gores you but does no damage.
You hit the catoblepas but do no damage.
The catoblepas looks as sick as possible!
The catoblepas is heavily wounded.
You hit the catoblepas but do no damage.
The catoblepas looks as sick as possible!
The catoblepas is severely wounded.
The catoblepas gores you!!
* * * LOW HITPOINT WARNING * * *
The catoblepas breathes a plume of calcifying dust at you.
The blast of calcifying dust hits you!
You die...

## .##############
.........((...##
...((..........##
..(..#.#....Y.#.##
.(#.###.##.###§..##
#.### ######
#.§..## #..#
##.@..# #..########
#.<..# #(§#...#..#
###.## (#...#.#..##
### ...........##
......>..#(.###
#########.....# #
##....## #.##.#.##


There were no monsters in sight!

Vanquished Creatures
  2 two-headed ogres
  Pikel (D:8)
  Joseph (D:7)
  2 cane toads
  An unseen horror (D:10)
  2 komodo dragons (Lair:1)
  Prince Ribbit (D:5)
  20 yaks
  A basilisk (Lair:1)
  Eustachio (D:6)
  Grum (D:10)
  A steam dragon (D:8)
  An acid dragon (D:8)
  Menkaure (D:5)
  5 water moccasins
  3 orc warriors
  2 ice beasts
  4 black bears
  A sky beast (D:5)
  A hornet zombie (D:6)
  4 necrophages
  4 ogres
  3 centaurs
  2 wolves (D:10)
  A lemure (D:9)
  3 phantoms
  A kobold brigand (D:9)
  Blork the orc (D:5)
  7 bullfrogs
  4 scorpions
  A wyvern skeleton (D:6)
  A water moccasin skeleton (D:3)
  13 killer bees
  14 wights
  2 bullfrog zombies
  7 centaur zombies
  2 hounds
  Crazy Yiuf (D:4)
  A human zombie (D:10)
  3 jellies
  3 orc priests
  2 bullfrog skeletons
  4 iguanas
  6 orc wizards
  A hound skeleton (D:4)
  A howler monkey zombie (D:10)
  3 gnolls
  7 adders
  An adder skeleton (D:4)
  2 worms
  4 dart slugs
  24 orcs
  5 bats
  6 endoplasms
  2 giant cockroaches (D:4)
  6 goblins
  11 hobgoblins
  3 jackals (D:3)
  3 quokkas
  3 ball pythons
  2 frilled lizards
  8 kobolds
  6 rats
  A spectral orc (D:3)
241 creatures vanquished.

Vanquished Creatures (others)
  52 fungi
  49 plants (D:8)
101 creatures vanquished.

Grand Total: 342 creatures vanquished

Notes
Turn   | Place    | Note
-------+----------+-------------------------------------------
     0 | D:1      | ZombieSheep the Spriggan Hunter began the quest for the
                  | Orb.
     0 | D:1      | Reached XP level 1. HP: 10/10 MP: 2/2
   646 | D:1      | Reached XP level 2. HP: 8/15 MP: 3/3
   962 | D:1      | Reached skill level 5 in Slings
  1484 | D:1      | Reached skill level 1 in Short Blades
  1661 | D:1      | Reached XP level 3. HP: 18/18 MP: 4/4
  1968 | D:2      | Found a sacrificial altar of Ru.
  2396 | D:2      | Noticed a phantom
  2405 | D:2      | Killed a phantom
  2406 | D:2      | Reached XP level 4. HP: 13/23 MP: 5/5
  2569 | D:2      | Reached XP level 5. HP: 26/26 MP: 6/6
  3431 | D:3      | Reached XP level 6. HP: 17/32 MP: 7/7
  4044 | D:3      | Found a basalt altar of Yredelemnul.
  4929 | D:4      | Reached skill level 5 in Dodging
  4929 | D:4      | Reached skill level 5 in Stealth
  5212 | D:4      | Reached XP level 7. HP: 36/36 MP: 8/8
  5338 | D:4      | Found a runed translucent door.
  5345 | D:4      | Noticed Crazy Yiuf
  5370 | D:4      | Killed Crazy Yiuf
  5651 | D:4      | Found Quasoquc's Assorted Antiques.
  5779 | D:5      | Entered Level 5 of the Dungeon
  5779 | D:5      | Found a staircase to the Ecumenical Temple.
  5788 | Temple   | Entered the Ecumenical Temple
  6009 | D:5      | Noticed Prince Ribbit
  6029 | D:5      | Reached skill level 1 in Shields
  6049 | D:5      | Killed Prince Ribbit
  6050 | D:5      | Reached XP level 8. HP: 42/42 MP: 9/9
  6108 | D:5      | Found Oseryx's Magic Scroll Shop.
  6144 | D:5      | Noticed Blork the orc
  6165 | D:5      | Killed Blork the orc
  6497 | D:5      | Found an opulent altar of Gozag.
  6499 | D:5      | Found a white marble altar of Elyvilon.
  6499 | D:5      | Found a radiant altar of Vehumet.
  6499 | D:5      | Found a stormy altar of Qazlal.
  6499 | D:5      | Found a blossoming altar of Fedhas.
  6499 | D:5      | Found a glowing golden altar of the Shining One.
  6500 | D:5      | Found a broken altar of Ashenzari.
  6772 | D:5      | Noticed Menkaure
  6779 | D:5      | Killed Menkaure
  7283 | D:6      | Noticed Eustachio
  7322 | D:6      | Killed Eustachio
  7323 | D:6      | Reached skill level 5 in Short Blades
  7775 | D:6      | Reached XP level 9. HP: 37/46 MP: 10/10
  8820 | D:6      | Reached skill level 5 in Fighting
  9116 | D:7      | Noticed Joseph
  9141 | D:7      | Killed Joseph
 10198 | D:7      | Found an opulent altar of Gozag.
 10200 | D:7      | Found a shimmering altar of Xom.
 10200 | D:7      | Found a broken altar of Ashenzari.
 10202 | D:7      | Found a sparkling altar of Nemelex Xobeh.
 10202 | D:7      | Found a shimmering blue altar of Sif Muna.
 10202 | D:7      | Found a shimmering altar of Xom.
 10458 | Temple   | Became a worshipper of Trog the Wrathful
 10593 | D:8      | Noticed a two-headed ogre
 10669 | D:7      | Killed a two-headed ogre
 10670 | D:7      | Reached XP level 10. HP: 49/53 MP: 11/11
 11210 | D:8      | Found a staircase to the Lair.
 12317 | D:8      | Found Doamad's Book Shoppe.
 12420 | D:8      | Reached skill level 10 in Slings
 12716 | D:8      | Found an ornate altar of the Wu Jian Council.
 12764 | D:8      | Found a snail-covered altar of Cheibriados.
 13013 | D:7      | Reached * piety under Trog
 13291 | D:9      | Identified the +6 trident "Eptux" {spect, +Rage rCorr
                  | Int+4}
 13550 | D:9      | Noticed Pikel
 13622 | D:8      | Killed Pikel
 13623 | D:8      | Reached skill level 10 in Dodging
 14669 | D:9      | Reached skill level 5 in Shields
 15173 | D:9      | Found a sacrificial altar of Ru.
 15325 | D:10     | Entered Level 10 of the Dungeon
 15325 | D:10     | Noticed a two-headed ogre
 15727 | D:9      | Killed a two-headed ogre
 15728 | D:9      | Reached XP level 11. HP: 58/58 MP: 12/12
 16628 | D:9      | Reached ** piety under Trog
 16916 | D:10     | Noticed Grum
 16967 | D:10     | Killed Grum
 17288 | D:10     | Found an ancient bone altar of Kikubaaqudgha.
 17566 | Lair:1   | Entered Level 1 of the Lair of Beasts
 19170 | Lair:1   | Noticed a catoblepas
 19497 | Lair:1   | Killed from afar by a catoblepas

Illustrated notes

Levels and vault maps discovered:
D:1:      dpeg_arrival_tiny_a, layout_basic, minmay_tetromino_s4
D:2:      layout_basic, basic_altar
D:3:      layout_loops_corners, yredelemnul_forgotten_temple_becter
D:4:      layout_loops_ring, serial_shops, shop, hangedman_decor_push,
          uniq_crazy_yiuf_cottage
D:5:      layout_basic, grunt_temple_overflow_open,
          nicolae_overflow_hidden_temple, minmay_temple_entry_statues_fountains,
          serial_shops, shop_scrolls, serial_bayou_lagoon_a, uniq_blork_the_orc,
          uniq_prince_ribbit1, uniq_menkaure
D:6:      layout_rooms, uniq_eustachio
D:7:      layout_basic, doesnt_xom_only_xom, fountainhead, uniq_joseph
D:8:      layout_loops_ring, cheibrodos_worm_habitat, general_overflow_altar,
          due_lair_maze_entry_diamond, serial_shops, shop
D:9:      layout_cave_pods, nicolae_ru_the_path_less_chosen, uniq_pikel
D:10:     layout_cave_pools, lemuel_mausoleum_altar_kikubaaqudgha, uniq_grum
Temple:   corrupted_temple
Lair:1:   layout_concentric_octagons

Skill      XL: |  1  2  3  4  5  6  7  8  9 10 11 |
---------------+----------------------------------+-----
Stealth        | 2 3 4 5 |  5.4
Dodging        | 3 4 5 6 7 9 10 11 | 11.5
Slings         | 5 6 8 9 10 11 | 11.4
Short Blades   | 1 2 3 5 6 8 9 |  9.3
Fighting       | 2 3 4 5 6 7 |  7.6
Shields        | 1 2 4 5 6 |  6.0

Action                   |  1- 3 |  4- 6 |  7- 9 | 10-12 || total
-------------------------+-------+-------+-------+-------++-------
Melee: Short sword       |    52 |    25 |       |       ||    77
       Dagger            |       |       |     2 |   187 ||   189
       Rapier            |       |       |       |    74 ||    74
 Fire: Hunting sling     |    79 |   217 |   590 |   966 ||  1852
  Use: Scroll            |     1 |     4 |     4 |    10 ||    19
       Potion            |       |       |       |     1 ||     1
 Stab: Distracted        |       |       |     1 |       ||     1
       Sleeping          |       |       |       |     5 ||     5
Armor: Robe              |     8 |    11 |    21 |   119 ||   159
Dodge: Dodged            |    60 |    80 |   131 |   476 ||   747
